 Dungeon Crawl Stone Soup version 0.27-a0-1149-g4505690ab0 (webtiles) character file.

Game seed: 9943646072020061660

137 SmokeWeed the Skirmisher (level 5, -2/47 HPs)
             Began as a Hill Orc Fighter on May 13, 2021.
             Killed from afar by a white imp (5 damage)
             ... with a puff of frost
             ... summoned by Natasha
             ... on level 2 of the Dungeon.
             The game lasted 00:02:28 (2047 turns).

SmokeWeed the Skirmisher (Hill Orc Fighter)         Turns: 2047, Time: 00:02:29

Health: -2/47      AC:  8    Str: 20    XL:     5   Next: 20%
Magic:  5/5        EV:  7    Int:  8    God:
Gold:   37         SH:  9    Dex: 10    Spells: 4/4 levels left

rFire    . . .     SeeInvis .   a - +0 long sword
rCold    . . .     Faith    .   c - +0 kite shield
rNeg     . . .     Spirit   .   b - +0 scale mail
rPois    .         Reflect  .   (no helmet)
rElec    .         Harm     .   (no cloak)
rCorr    .         Rampage  .   h - +0 pair of gloves
Will     .....                  (no boots)
Stlth    ..........             (no amulet)
HPRegen  0.15/turn              (no ring)
MPRegen  0.09/turn              (no ring)

@: slowed, very slow
A: no striking features
a: no special abilities


You were on level 2 of the Dungeon.
You visited 1 branch of the dungeon, and saw 2 of its levels.

You collected 37 gold pieces.

Inventory:

Hand Weapons
 a - a +0 long sword (weapon)
Missiles
 f - 143 stones (quivered)
 j - 21 poisoned darts
Armour
 b - a +0 scale mail (worn)
 c - a +0 kite shield (worn)
 h - a +0 pair of gloves (worn)
Scrolls
 e - 4 scrolls of noise {unknown}
 g - a scroll of identify {unknown}
 i - a scroll of amnesia {unknown}
 k - a scroll of fear {unknown}
Potions
 d - a potion of might


   Skills:
 + Level 4.4 Fighting
 + Level 4.0 Long Blades
 + Level 4.0 Armour
 + Level 0.1 Dodging
 + Level 4.0 Shields


You had 4 spell levels left.
You didn't know any spells.
Your spell library was empty.

Dungeon Overview and Level Annotations

Branches:
Dungeon (2/15)

Altars:

Annotations:
D:2 Natasha


Message History

Natasha casts a spell at you.
You feel as though you will be slow longer.
You block the endoplasm's attack.
You hit the endoplasm.
The endoplasm is heavily wounded.
Natasha claws you.
The endoplasm hits you but does no damage.
Natasha mumbles some strange words.
You block the endoplasm's attack.
Your shield prevents you from hitting the endoplasm.
The endoplasm is heavily wounded.
Natasha closely misses you. You block the endoplasm's attack.
The white imp hits you but does no damage.
You block Natasha's attack. The endoplasm freezes you.
You are frozen.
The white imp hits you but does no damage.
Natasha stares at you and mumbles some strange words.
The magic dart hits you! You block the endoplasm's attack.
The white imp summons a swarm of flies.
The endoplasm freezes you.
You are frozen.
* * * LOW HITPOINT WARNING * * *
You block the white imp's attack.
You slash the white imp!
The white imp is severely wounded.
Natasha mumbles some strange words.
The white imp hits you.
* * * LOW HITPOINT WARNING * * *
The white imp freezes you.
* * * LOW HITPOINT WARNING * * *
The white imp picks up a beetle and eats it.
The white imp barely misses you.
You riposte.
You hit the white imp but do no damage.
The white imp is severely wounded.
You hit the white imp but do no damage.
The white imp is severely wounded.
The white imp gestures at you. The puff of frost hits you.
You die...

.##.#.##.##.####......>.........#
>.................####.#.#.####.#
.##.#.##.##.####..###............
.##.#....##.####...##....)...##.#
.##..............#......#..#.##..
....#.##.#######.#..#......#.##..
.##.#.##.# ###......#..#.####
.##.#.#### ###..##..#..#.#
....#.# #@5h........#.####
......# ###J.##..#..#.....
......# #.5##.....#..... .######
#?.##........... .#
#..###.......#.. .# #...
#..#.#...). .# #.#.##......†###
.# #.#..####.##.... .# #.##.##.


You could see Natasha, a crimson imp (summoned), a white imp (summoned) and an
endoplasm.

Vanquished Creatures
  Jessica (D:2)
  Natasha (twice) (D:2)
  An adder (D:2)
  A dart slug (D:1)
  5 bats (D:1)
  7 endoplasms
  2 giant cockroaches (D:2)
  6 hobgoblins
  2 quokkas
  5 ball pythons
  3 frilled lizards
  8 goblins
  3 kobolds
  3 rats (D:1)
49 creatures vanquished.

Notes
Turn   | Place    | Note
-------+----------+-------------------------------------------
     0 | D:1      | SmokeWeed the Hill Orc Fighter began the quest for the Orb.
     0 | D:1      | Reached XP level 1. HP: 19/19 MP: 1/1
    82 | D:1      | Reached XP level 2. HP: 22/27 MP: 2/2
   527 | D:1      | Reached XP level 3. HP: 27/33 MP: 3/3
   943 | D:1      | Found a faded altar of an unknown god.
  1220 | D:2      | Noticed Jessica
  1238 | D:2      | Killed Jessica
  1239 | D:2      | Reached XP level 4. HP: 11/41 MP: 4/4
  1469 | D:2      | Noticed Natasha
  1477 | D:2      | Killed Natasha
  1780 | D:2      | Noticed Natasha
  1785 | D:2      | Killed Natasha
  1786 | D:2      | Reached XP level 5. HP: 40/47 MP: 5/5
  2035 | D:2      | Noticed Natasha
  2047 | D:2      | Killed from afar by a white imp

Illustrated notes

Levels and vault maps discovered:
D:1:      onia_arrival_pyramid, layout_basic, hellmonk_ecumenical_altar_zigzags,
          minmay_pentomino_x2
D:2:      layout_basic, st_stairs_8, uniq_jessica, uniq_natasha

Skill      XL: |  1  2  3  4  5 |
---------------+----------------+-----
Long Blades    | 3 4 |  4.0
Fighting       | 4 |  4.4
Shields        | 4 |  4.0
Armour         | 4 |  4.0
Dodging        | |  0.1

Action                   |  1- 3 |  4- 6 || total
-------------------------+-------+-------++-------
Melee: Long sword        |   110 |    45 ||   155
Throw: Stone             |     4 |       ||     4
Armor: Scale mail        |    44 |    19 ||    63
Dodge: Dodged            |    37 |    17 ||    54
Block: Kite shield       |    63 |    27 ||    90
       Rpst.: Long sword |    17 |     5 ||    22

Table legend: (Time is in decaauts)
 A = Elapsed time spent in this place.
 B = Non-inter-level travel time spent in this place.
 C = Inter-level travel time spent in this place.
 D = Time resting spent in this place.
 E = Time spent auto-exploring this place.
 F = Levels seen in this place.
 G = Mean time per level.
                   A        B        C        D        E       F      G
               +--------+--------+--------+--------+--------+-----+--------+
         Total |   2131 |   2131 |      0 |    713 |   1035 |   2 | 1065.5 |
       Dungeon |   2131 |   2131 |      0 |    713 |   1035 |   2 | 1065.5 |
               +--------+--------+--------+--------+--------+-----+--------+

Top non-repeatable levels by time:
     D:1: 1118 daAuts
     D:2: 1013 daAuts
